 Dungeon Crawl Stone Soup version 0.22-a0-392-g5dc3fd9 (webtiles) character file.

2041 erloom the Martial Artist (level 9, -7/43 HPs)
             Began as a Vine Stalker Monk on May 1, 2018.
             Mangled by a wight
             ... wielding a +4 halberd
              (11 damage)
             ... on level 6 of the Dungeon.
             The game lasted 00:08:51 (4434 turns).

erloom the Martial Artist (Vine Stalker Monk)       Turns: 4434, Time: 00:08:52

Health: -7/43      AC:  9    Str: 14    XL:     9   Next: 24%
Magic:  0/19       EV:  6    Int: 13    God:
Gold:   257        SH:  0    Dex: 17    Spells: 8/8 levels left

rFire    . . .     SeeInvis .     - Unarmed
rCold    . . .     Gourm    .   (no shield)
rNeg     . . .     Faith    .   u - +0 chain mail (curse)
rPois    .         Spirit   +   (no helmet)
rElec    .         Reflect  .   (no cloak)
rCorr    .         Harm     .   (no gloves)
MR       +....                  k - +0 pair of boots
Stlth    ..........             l - amulet of rage
HPRegen  0.54/turn              i - ring of magical power
MPRegen  0.16/turn              (no ring)

@: lethally poisoned (-7 -> -8), drained
A: fangs 3, regeneration 1, magic shield, antimagic bite, no potion heal 3, rot
immunity
a: Evoke Berserk Rage


You were on level 6 of the Dungeon.
You were not hungry.

You visited 2 branches of the dungeon, and saw 7 of its levels.

You collected 257 gold pieces.

Inventory:

Hand Weapons
 x - a +0 battleaxe of electrocution
Armour
 a - a +0 robe
 k - a +0 pair of boots (worn)
 o - a +0 ring mail
 u - a cursed +0 chain mail (worn)
Jewellery
 i - a ring of magical power (left hand)
 l - an amulet of rage (around neck)
Wands
 c - a wand of disintegration (11)
 g - a wand of flame (41)
Scrolls
 d - 4 scrolls of teleportation
 h - a scroll of blinking {unknown}
 m - 3 scrolls of identify
 r - a scroll of enchant weapon
 v - a scroll of torment {unknown}
Potions
 e - 2 potions of agility
 f - a potion of curing
 j - 3 potions of haste {unknown}
 n - 2 potions of heal wounds
 p - a potion of berserk rage {unknown}
 q - 2 potions of brilliance {unknown}
 s - 2 potions of invisibility {unknown}
 w - a potion of lignification {unknown}
Comestibles
 b - 8 rations
 t - a chunk of flesh


   Skills:
 - Level 2.6(2.2) Fighting
 - Level 2.4(1.9) Dodging
 - Level 2.4(1.9) Stealth
 + Level 12.0(11.4) Unarmed Combat


You had 8 spell levels left.
You didn't know any spells.

Dungeon Overview and Level Annotations

Branches:
Dungeon (6/15)             Temple (1/1) D:6

Altars:
Ashenzari
Dithmenos
Elyvilon
Fedhas
Hepliaklqana
Nemelex Xobeh
Okawaru
Qazlal
Ru
Sif Muna
Trog
Vehumet
Wu Jian
Xom
Yredelemnul
Zin
The Shining One

Annotations:
D:6 Menkaure


Innate Abilities, Weirdness & Mutations

You have razor-sharp teeth.
Your natural rate of healing is unusually fast.
When hurt, damage is shared between your health and your magic reserves.
Your bite disrupts and absorbs the magic of your enemies.
Potions cannot restore your health.
You are immune to rotting.


Message History

Found 4 gold pieces.
A gnoll and Menkaure come into view.
You feel sick.
Menkaure calls on the powers of darkness!
The gnoll convulses!
Your body is wracked with pain!
* * * LOW HITPOINT WARNING * * *
The worker ant barely misses you.
Menkaure calls on the powers of darkness!
The gnoll convulses!
Your body is wracked with pain!
* * * LOW HITPOINT WARNING * * *
The worker ant waves its antennae.
You feel sick. The worker ant bites you.
* * * LOW HITPOINT WARNING * * *
Your system rejects the healing.
You feel better. The worker ant bites you.
* * * LOW HITPOINT WARNING * * *
You are poisoned.
The worker ant poisons you!
The wight hits you from afar with an enchanted halberd!
You die...

...⌠...##....[####.########
......z)......##...........
.⌠.>.⌠z##.....##.##.#######
.......##.....##.##.#
...⌠...##........##.##
...........>##..)....#
..#.##.##.......÷....#
#.#.##.###z###z......#
#.#..#.###z# #..@....#
#.##.#.....# #..a....# #.#
.####..# #.......# #.# ..
##.z###.......# #.#
#.##.....#z.g....# #..
../.......z...####
##.#.....z....#
#............#
##......$...$#


You could see a worker ant, 4 wights and a gnoll.

Vanquished Creatures
  Pikel (D:5)
  The ghost of Totori the Chopper, a novice HuFi of Okawaru (D:3)
  Grinder (D:5)
  Edmund (D:5)
  An ice beast (D:5)
  A necrophage (D:6)
  A slave (D:4)
  2 ogres
  A howler monkey (D:4)
  A crimson imp (D:5)
  A hound (D:5)
  A jelly (D:6)
  An orc priest (D:5)
  2 bullfrog skeletons
  6 orc wizards
  An iguana (D:4)
  2 worker ants
  2 howler monkey zombies
  3 adders
  A gnoll (D:1)
  An adder zombie (D:4)
  2 adder skeletons (D:2)
  A worm (D:5)
  7 leopard geckos
  14 orcs
  3 bat skeletons (D:2)
  5 giant cockroaches
  3 goblins
  6 hobgoblins
  4 jackals
  A quokka (D:3)
  2 ball pythons (D:3)
  7 bats
  4 frilled lizards
  A jackal skeleton (D:2)
  10 kobolds
  A leopard gecko skeleton (D:4)
  2 leopard gecko zombies
  A quokka zombie (D:6)
  5 rats
111 creatures vanquished.

Vanquished Creatures (others)
  A scorpion (D:5)
  An adder (D:5)
  An orc (D:5)
3 creatures vanquished.

Grand Total: 114 creatures vanquished

Notes
Turn   | Place    | Note
-------+----------+-------------------------------------------
     0 | D:1      | erloom the Vine Stalker Monk began the quest for the Orb.
     0 | D:1      | Reached XP level 1. HP: 11/11 MP: 2/2
   322 | D:1      | Reached XP level 2. HP: 11/16 MP: 3/3
   612 | D:1      | Reached skill level 4 in Unarmed Combat
   686 | D:1      | Reached XP level 3. HP: 10/19 MP: 4/4
  1731 | D:2      | Gained mutation: Your natural rate of healing is unusually fast. [Vine Stalker growth]
  1731 | D:2      | Reached XP level 4. HP: 23/23 MP: 5/5
  1742 | D:2      | Noticed a human
  1743 | D:2      | Found a runed door.
  1752 | D:2      | Found a basalt altar of Yredelemnul.
  2037 | D:3      | Reached skill level 5 in Unarmed Combat
  2093 | D:3      | Noticed Totori's ghost (novice HuFi)
  2109 | D:3      | Killed Totori's ghost
  2109 | D:3      | Reached skill level 7 in Unarmed Combat
  2109 | D:3      | Reached XP level 5. HP: 12/27 MP: 6/6
  2109 | D:3      | Reached XP level 6. HP: 14/32 MP: 7/7
  2717 | D:3      | Found a deep blue altar of Sif Muna.
  2841 | D:4      | Reached XP level 7. HP: 35/35 MP: 8/8
  3071 | D:4      | Reached skill level 8 in Unarmed Combat
  3255 | D:5      | Entered Level 5 of the Dungeon
  3255 | D:5      | Noticed Pikel
  3377 | D:5      | Noticed Grinder
  3382 | D:5      | Paralysed by Grinder for 3 turns
  3396 | D:5      | Killed Grinder
  3396 | D:5      | Reached skill level 9 in Unarmed Combat
  3517 | D:5      | Gained mutation: You have razor-sharp teeth. [Vine Stalker growth]
  3517 | D:5      | Reached XP level 8. HP: 39/39 MP: 9/9
  3607 | D:5      | Found a white marble altar of Elyvilon.
  3658 | D:5      | Killed Pikel
  3658 | D:5      | Reached skill level 10 in Unarmed Combat
  3808 | D:5      | Noticed Edmund
  3809 | D:5      | Reached skill level 11 in Unarmed Combat
  3833 | D:5      | Killed Edmund
  3886 | D:5      | Reached XP level 9. HP: 36/43 MP: 10/10
  4343 | D:6      | Found a staircase to the Ecumenical Temple.
  4396 | Temple   | Entered the Ecumenical Temple
  4411 | D:6      | Reached skill level 12 in Unarmed Combat
  4427 | D:6      | Noticed Menkaure
  4434 | D:6      | Mangled by a wight

Vault maps used:
D:1:      dpeg_arrival_stonehenge_8_columns
D:2:      first_ration, serial_undead, serial_undead_b, serial_undead_a,
          serial_undead_d, serial_undead_e, minmay_misc_feat_cross,
          dk_yredelemnul_ordeal
D:3:      lemuel_blue_sif_altar
D:5:      basic_altar, uniq_edmund, uniq_pikel, uniq_grinder
D:6:      temple_fountains, enter_ossuary_3, uniq_menkaure, uniq_blork_the_orc
Temple:   nicolae_temple_no_exploring_needed

Skill      XL: |  1  2  3  4  5  6  7  8  9 |
---------------+----------------------------+-----
Unarmed Combat | 4 7 9 11 12 | 12.0
Fighting       | |  2.6
Dodging        | |  2.4
Stealth        | |  2.4

Action                   |  1- 3 |  4- 6 |  7- 9 || total
-------------------------+-------+-------+-------++-------
Melee: Unarmed           |    96 |   102 |   182 ||   380
       Bite              |    22 |    33 |    46 ||   101
       Punch             |     1 |     1 |     7 ||     9
 Abil: Evoke Berserk Rag |       |     1 |     1 ||     2
  Use: Scroll            |       |     8 |       ||     8
       Potion            |       |       |     1 ||     1
 Stab: Sleeping          |     2 |     2 |       ||     4
  Eat: Chunk             |     3 |     4 |     7 ||    14
Armor: Robe              |    10 |     6 |       ||    16
       Ring mail         |       |    23 |       ||    23
       Chain mail        |       |     8 |    73 ||    81
Dodge: Dodged            |    77 |    46 |    52 ||   175

Table legend:
 A = Spawn XP
 B = Non-spawn XP
 C = Spawn XP percentage of total XP
 D = Spawn monster count
 E = Non-spawn monster count
 F = Spawn count percentage of total count
 G = Total turns spent on level
                    A         B        C        D         E        F      G
               +---------+---------+-------+---------+---------+-------+---------
         Total |       0 |    2916 |   0.0 |       0 |     110 |   0.0 |  4434
               +---------+---------+-------+---------+---------+-------+---------
           D:1 |       0 |      39 |   0.0 |       0 |      16 |   0.0 |  1108
           D:2 |       0 |      51 |   0.0 |       0 |      20 |   0.0 |   868
           D:3 |       0 |     504 |   0.0 |       0 |      29 |   0.0 |   842
           D:4 |       0 |     190 |   0.0 |       0 |       7 |   0.0 |   485
           D:5 |       0 |    1832 |   0.0 |       0 |      32 |   0.0 |   980
           D:6 |       0 |     300 |   0.0 |       0 |       6 |   0.0 |   149
               +---------+---------+-------+---------+---------+-------+---------
